 Dungeon Crawl Stone Soup version 0.21.1-1-g345015f (webtiles) character file.

99 diana the Slasher (level 4, -1/26 HPs)
             Began as a Tengu Gladiator on June 3, 2018.
             Slain by an orc wizard
             ... wielding a +0 dagger
              (5 damage)
             ... on level 2 of the Dungeon.
             The game lasted 00:02:15 (1602 turns).

diana the Slasher (Tengu Gladiator)                 Turns: 1602, Time: 00:02:16

Health: -1/26      AC:  5    Str: 19    XL:     4   Next: 72%
Magic:  5/5        EV: 13    Int:  9    God:
Gold:   69         SH:  0    Dex: 16    Spells: 3/3 levels left

rFire    . . .     SeeInvis .   a - +0 long sword
rCold    . . .     Gourm    .   (no shield)
rNeg     . . .     Faith    .   b - +0 leather armour
rPois    .         Spirit   .   c - +0 hat
rElec    .         Reflect  .   (no cloak)
rCorr    .         Harm     .   i - +1 pair of gloves
MR       .....                  (boots unavailable)
Stlth    +.........             (no amulet)
HPRegen  0.08/turn              (no ring)
MPRegen  0.09/turn              (no ring)

@: mighty
A: beak, talons 3
a: no special abilities


You were on level 2 of the Dungeon.
You were very hungry.

You visited 1 branch of the dungeon, and saw 2 of its levels.

You collected 69 gold pieces.

Inventory:

Hand Weapons
 a - a +0 long sword (weapon)
Missiles
 d - 3 throwing nets (quivered)
Armour
 b - a +0 leather armour (worn)
 c - a +0 hat (worn)
 i - a +1 pair of gloves (worn)
Jewellery
 m - an uncursed amulet of guardian spirit {unknown}
Scrolls
 e - a scroll of immolation {unknown}
 g - 2 scrolls of identify {unknown}
 h - a scroll of magic mapping {unknown}
 j - 2 scrolls of remove curse {unknown}
 l - 2 scrolls of amnesia {unknown}
 q - a scroll of fog {unknown}
Potions
 n - a potion of heal wounds {unknown}
 o - 2 potions of curing {unknown}
 p - a potion of flight {unknown}
Comestibles
 f - 6 rations


   Skills:
 - Level 2.0 Fighting
 + Level 5.8 Long Blades
 - Level 2.0 Throwing
 - Level 3.2 Dodging


You had 3 spell levels left.
You didn't know any spells.

Dungeon Overview and Level Annotations

Branches:
Dungeon (2/15)

Altars:
Gozag
Zin


Innate Abilities, Weirdness & Mutations

You have a beak for a mouth.
You have claws for feet.


Message History

You peck the orc wizard, but do no damage.
The orc wizard is moderately wounded.
Found a ration.
It was a potion of might.
You feel very mighty all of a sudden.
The orc wizard mumbles some strange words.
The orc wizard blinks!
The kobold barely misses you.
The orc wizard miscasts a cantrip.
An orc comes into view. It is wielding a short sword.
You closely miss the orc wizard.
The orc shouts!
Your kick misses the orc wizard. You peck the orc wizard.
The orc wizard is heavily wounded.
The kobold hits you with a short sword.
The orc wizard hits you but does no damage.
You are electrocuted!
Ouch! That really hurt!
* * * LOW HITPOINT WARNING * * *
The orc wizard hits you with a dagger.
You die...

##....... ##
###### ##.##....
... ....# #..# ...
%.. ...# ###..# ..
###.##
#..####...## .
#...o.##..##...###
.......#..#..#.#
.....rK#..(....#
..._.oo@)......#
......o#......##
.......#......#
#...o.##......#
###.## #..#####
... ....# .##
#####


You could see 3 orc wizards, 2 orcs, a kobold and a rat.

Vanquished Creatures
  4 adders (D:2)
  A worm (D:2)
  2 dart slugs (D:1)
  A leopard gecko (D:1)
  3 bats
  2 giant cockroaches (D:2)
  8 goblins
  8 hobgoblins
  11 jackals
  6 kobolds
  2 frilled lizards (D:2)
  2 rats
50 creatures vanquished.

Notes
Turn   | Place    | Note
-------+----------+-------------------------------------------
     0 | D:1      | diana the Tengu Gladiator began the quest for the Orb.
     0 | D:1      | Reached XP level 1. HP: 12/12 MP: 2/2
    20 | D:1      | Reached XP level 2. HP: 11/17 MP: 3/3
    59 | D:1      | Reached skill level 4 in Long Blades
   524 | D:1      | Reached XP level 3. HP: 15/21 MP: 4/4
   821 | D:2      | Reached skill level 5 in Long Blades
  1063 | D:2      | Reached XP level 4. HP: 22/26 MP: 5/5
  1195 | D:2      | Found an opulent altar of Gozag.
  1594 | D:2      | Found a glowing silver altar of Zin.
  1602 | D:2      | Slain by an orc wizard

Skill      XL: |  1  2  3 |
---------------+----------+-----
Long Blades    | 4 5 |  5.8
Fighting       | |  2.0
Throwing       | |  2.0
Dodging        | |  3.2

Action                   |  1- 3 |  4- 6 || total
-------------------------+-------+-------++-------
Melee: Long sword        |    65 |    32 ||    97
       Kick              |    23 |    14 ||    37
       Peck              |    12 |     6 ||    18
  Use: Potion            |     1 |     1 ||     2
  Eat: Chunk             |       |     1 ||     1
Armor: Leather armour    |    23 |     7 ||    30
Dodge: Dodged            |    52 |    23 ||    75
       Rpst.: Long sword |    17 |     8 ||    25
